 Dungeon Crawl Stone Soup version 0.20-a0-903-g7e3609c (webtiles) character file.

2250 StormySan the Cleaver (level 9, -9/79 HPs)
             Began as a Minotaur Berserker on Mar 21, 2017.
             Was an Elder of Trog.
             Engulfed by a cloud of freezing vapour (21 damage)
             ... on level 6 of the Dungeon.
             The game lasted 00:11:10 (4639 turns).

StormySan the Cleaver (Minotaur Berserker)          Turns: 4639, Time: 00:11:12

Health: -9/79      AC: 12    Str: 29    XL:     9   Next: 15%
Magic:  8/8        EV: 11    Int:  4    God:    Trog [****..]
Gold:   307        SH:  0    Dex: 10    Spells: 8/8 levels left

rFire    . . .     SeeInvis .   v - +1 war axe (chop)
rCold    . . .     Gourm    .   d - +0 chain mail {rPois}
rNeg     . . .     Faith    .   (no shield)
rPois    +         Spirit   .   (helmet restricted)
rElec    .         Reflect  .   (no cloak)
rCorr    .         Harm     .   (no gloves)
MR       .....                  s - +1 pair of boots
Stlth    ..........             (no amulet)
Regen    0.3/turn               A - +4 ring of strength
MPRegen  0.2/turn               x - +4 ring of slaying

@: no status effects
A: retaliatory headbutt, horns 2
a: Berserk, Trog's Hand, Brothers in Arms, Burn Spellbooks, Renounce Religion


You were on level 6 of the Dungeon.
You worshipped Trog.
Trog was greatly pleased with you.
You were not hungry.

You visited 1 branch of the dungeon, and saw 6 of its levels.

You collected 307 gold pieces.

Inventory:

Hand Weapons
 v - a +1 war axe of chopping (weapon)
Armour
 d - a +0 chain mail of poison resistance (worn)
 s - a +1 pair of boots (worn)
Jewellery
 x - a +4 ring of slaying (left hand)
 A - a +4 ring of strength (right hand)
Wands
 f - a wand of iceblast (7/15)
 r - a wand of flame (48/48)
Scrolls
 h - 6 scrolls of noise
 j - 2 scrolls of enchant armour
 k - 2 scrolls of teleportation
 l - 3 scrolls of amnesia
 m - 6 scrolls of identify
 n - 7 scrolls of remove curse
 t - 3 scrolls of recharging
 w - a scroll of fog
 y - a scroll of enchant weapon {unknown}
Potions
 e - 3 potions of brilliance
 g - 2 potions of haste {unknown}
 i - a potion of heal wounds {unknown}
 o - 3 potions of invisibility {unknown}
 p - 2 potions of curing {unknown}
 q - 2 potions of might {unknown}
 u - a potion of magic {unknown}
 z - 2 potions of degeneration {unknown}
 C - a potion of lignification {unknown}
Books
 a - a book of Flames

   Spells                             Type                      Level
   a - Flame Tongue                   Conjuration/Fire             1
   b - Throw Flame                    Conjuration/Fire             2
   c - Conjure Flame                  Conjuration/Fire             3
   d - Inner Flame                    Hexes/Fire                   3
   e - Sticky Flame                   Conjuration/Fire             4
   f - Fireball                       Conjuration/Fire             5
   Trog disapproves of the use of such an item.
Comestibles
 b - 7 meat rations
 c - 6 bread rations


   Skills:
 + Level 7.5 Fighting
 * Level 9.9 Axes
 + Level 7.0 Armour
 + Level 6.1 Dodging


You had 8 spell levels left.
You didn't know any spells.

Dungeon Overview and Level Annotations

Branches:
Dungeon (6/15)             Temple (0/1) D:4

Altars:
Elyvilon
Fedhas
Hepliaklqana
Nemelex Xobeh
Ru
Vehumet
Wu Jian
Xom
Zin
The Shining One

Shops:
D:4 :   D:5 ?


Innate Abilities, Weirdness & Mutations

You reflexively headbutt those who attack you in melee.
You have a pair of horns on your head.


Message History

You now have 300 gold pieces (gained 11).
All of the chunks of flesh in your inventory have rotted away.
You now have 307 gold pieces (gained 7).
Found a runed mace.
Found a stone staircase leading up.
t - 3 scrolls of recharging (gained 1)
You see here a runed mace.
You open the door.
There is an open door here.
Found a trident.
There is an open door here.
You are engulfed in freezing vapours.
You are engulfed in freezing vapours.
You start resting.
You are engulfed in freezing vapours.
You are engulfed in freezing vapours.
You are engulfed in freezing vapours.
* * * LOW HITPOINT WARNING * * *
You are engulfed in freezing vapours.
* * * LOW HITPOINT WARNING * * *
You are engulfed in freezing vapours.
You die...

#######################
#######################
##$$$$$.§§§§§§§§§§§§§##
####################§##
##..§§§§§§§§§§§@§§§§.##
##8'8##################
###.###################
####.######## ............#
#######.....# ####...#####
########## #....##### ###
##........#
##....#.#8###8###.........#


There were no monsters in sight!

Vanquished Creatures
  Prince Ribbit (D:5)
  Grinder (D:6)
  The ghost of Quirk the Chopper, an amateur DsGl (D:3)
  Edmund (D:4)
  A water moccasin (D:5)
  A hornet zombie (D:5)
  An orc warrior (D:6)
  An ice beast (D:5)
  A sky beast (D:5)
  A phantom (D:4)
  An ogre (D:5)
  A centaur (D:5)
  A bullfrog (D:6)
  3 scorpions
  4 wights (D:6)
  A howler monkey (D:5)
  A crimson imp (D:5)
  A hound (D:5)
  2 orc wizards (D:5)
  Jessica (D:3)
  4 worker ants
  A hound skeleton (D:6)
  Robin (D:4)
  3 gnolls (D:5)
  4 adders
  2 oozes (D:1)
  An adder skeleton (D:5)
  2 worms
  4 dart slugs
  7 leopard geckos
  22 orcs
  2 ball pythons
  5 giant cockroaches
  7 goblins
  6 hobgoblins
  8 jackals
  2 kobolds
  A quokka (D:4)
  8 bats
  5 frilled lizards
  A leopard gecko zombie (D:6)
  12 rats
134 creatures vanquished.

Notes
Turn   | Place    | Note
-------+----------+-------------------------------------------
     0 | D:1      | StormySan the Minotaur Berserker began the quest for the Orb.
     0 | D:1      | Reached XP level 1. HP: 19/19 MP: 0/0
    27 | D:1      | Reached XP level 2. HP: 27/27 MP: 1/1
   427 | D:1      | Reached XP level 3. HP: 33/33 MP: 2/2
   440 | D:1      | Reached skill level 4 in Axes
   489 | D:2      | Reached ** piety under Trog
   566 | D:2      | Found a glowing golden altar of the Shining One.
   568 | D:2      | Found a radiant altar of Vehumet.
   568 | D:2      | Found a white marble altar of Elyvilon.
   570 | D:2      | Found a sparkling altar of Nemelex Xobeh.
   570 | D:2      | Found a shimmering altar of Xom.
   570 | D:2      | Found a blossoming altar of Fedhas.
   673 | D:2      | Found an ornate altar of the Wu Jian Council.
  1100 | D:3      | Noticed Jessica
  1106 | D:3      | Killed Jessica
  1106 | D:3      | Reached XP level 4. HP: 27/40 MP: 3/3
  1260 | D:3      | Found a sacrificial altar of Ru.
  1486 | D:3      | Noticed Quirk's ghost (amateur DsGl)
  1504 | D:3      | Killed Quirk's ghost
  1504 | D:3      | Reached skill level 5 in Fighting
  1504 | D:3      | Reached skill level 5 in Axes
  1504 | D:3      | Reached XP level 5. HP: 17/48 MP: 4/4
  2067 | D:4      | Noticed a phantom
  2101 | D:4      | Killed a phantom
  2101 | D:4      | Reached skill level 6 in Axes
  2101 | D:4      | Reached XP level 6. HP: 31/56 MP: 5/5
  2488 | D:4      | Noticed Robin
  2497 | D:4      | Killed Robin
  2497 | D:4      | Reached *** piety under Trog
  2631 | D:4      | Found a white marble altar of Elyvilon.
  2834 | D:4      | Noticed Edmund
  2842 | D:4      | Killed Edmund
  2842 | D:4      | Reached XP level 7. HP: 51/61 MP: 6/6
  2871 | D:4      | Found Xout Viwn's Book Emporium.
  2993 | D:4      | Reached skill level 7 in Axes
  3098 | D:4      | Found a glowing golden altar of the Shining One.
  3374 | D:4      | Found a staircase to the Ecumenical Temple.
  3452 | D:5      | Entered Level 5 of the Dungeon
  3457 | D:5      | Reached skill level 5 in Armour
  3491 | D:5      | Found a shimmering altar of Xom.
  3558 | D:5      | Found a hazy altar of Hepliaklqana.
  3671 | D:5      | Reached skill level 8 in Axes
  3671 | D:5      | Reached XP level 8. HP: 53/70 MP: 7/7
  3780 | D:5      | Found Koehar's Magic Scroll Shop.
  3804 | D:5      | Reached skill level 5 in Dodging
  3885 | D:5      | Noticed Prince Ribbit
  3901 | D:5      | Killed Prince Ribbit
  4052 | D:5      | Reached skill level 9 in Axes
  4159 | D:5      | Reached **** piety under Trog
  4372 | D:6      | Found a glowing silver altar of Zin.
  4399 | D:6      | Reached XP level 9. HP: 79/79 MP: 8/8
  4481 | D:6      | Noticed Grinder
  4488 | D:6      | Killed Grinder
  4639 | D:6      | Engulfed by a cloud of freezing vapour

Vault maps used:
D:1:      sevenhm_arrival_forest_fort_small_3
D:2:      doesnt_xom_only_xom, overflow_temple_1_default
D:3:      old_standard_altar, uniq_jessica
D:4:      tso_altar, kennysheep_mini_moat, temple_pool_b, serial_shops, shop,
          first_bread, grunt_ministairs_2, uniq_robin, uniq_edmund
D:5:      kennysheep_little_box, serial_shops,
          nicolae_shop_temple_entry_statues_fountains, basic_altar,
          saegor_snake_ambush, uniq_prince_ribbit1
D:6:      lemuel_ice_spiral_2, zin_academy, serial_corexii_hall,
          corexii_hall_statues_t, corexii_hall_statues_x,
          corexii_hall_statues_s, corexii_hall_statues_l, minmay_liquid_box,
          uniq_grinder

Skill      XL: |  1  2  3  4  5  6  7  8  9 |
---------------+----------------------------+-----
Fighting       | 4 5 6 7 |  7.5
Axes           | 4 5 6 8 9 |  9.9
Armour         | 3 4 5 6 7 |  7.0
Dodging        | 3 4 5 6 |  6.1

Action                   |  1- 3 |  4- 6 |  7- 9 || total
-------------------------+-------+-------+-------++-------
Melee: Hand axe          |    76 |   106 |       ||   182
       Headbutt          |    19 |    27 |    26 ||    72
       War axe           |       |    28 |    95 ||   123
  Use: Scroll            |       |     3 |     7 ||    10
  Eat: Chunk             |     1 |     3 |       ||     4
       Royal jelly       |       |     1 |       ||     1
       Fruit             |       |       |     9 ||     9
Armor: Animal skin       |     7 |       |       ||     7
       Chain mail        |    23 |    60 |    47 ||   130
Dodge: Dodged            |    46 |    52 |    38 ||   136
